 Dungeon Crawl Stone Soup version 0.18-a0-1481-g708b138 (webtiles) character file.

153 mrath the Chopper (level 5, -7/45 HPs)
             Began as a Minotaur Fighter on Mar 3, 2016.
             Killed by divine providence
             ... invoked by an orc priest
              (10 damage)
             ... on level 3 of the Dungeon.
             The game lasted 00:07:32 (2269 turns).

mrath the Chopper (Minotaur Fighter)                Turns: 2269, Time: 00:07:32

Health: -7/45      AC:  6    Str: 22    XL:     5   Next: 12%
Magic:  4/4        EV:  7    Int:  5    God:
Gold:   72         SH:  9    Dex:  9    Spells: 0 memorised, 4 levels left

rFire  . . .     SeeInvis .     a - +0 war axe
rCold  . . .     Gourm    .     b - +0 scale mail
rNeg   . . .     Faith    .     c - +0 shield
rPois  .         Spirit   .     (helmet restricted)
rElec  .         Dismiss  .     (no cloak)
rCorr  .         Reflect  .     (no gloves)
SustAt .         Harm     .     (no boots)
MR     .....                    (no amulet)
Stlth  ..........               (no ring)
                                (no ring)

@: lethally poisoned (-7 -> -11), not resistant to hostile enchantments,
extremely unstealthy
A: retaliatory headbutt, horns 2
a: no special abilities


You were on level 3 of the Dungeon.
You were not hungry.

You visited 1 branch of the dungeon, and saw 3 of its levels.

You collected 72 gold pieces.

Inventory:

Hand Weapons
 a - a +0 war axe (weapon)
 p - a +0 flail
Missiles
 e - 46 stones (quivered)
Armour
 b - a +0 scale mail (worn)
 c - a +0 shield (worn)
Jewellery
 q - a cursed ring of loudness {unknown}
Scrolls
 g - a scroll of recharging {unknown}
 j - a scroll of identify {unknown}
 l - 2 scrolls of random uselessness {unknown}
 m - a scroll of amnesia {unknown}
Potions
 d - 2 potions of might
 h - a potion of curing {unknown}
 o - a potion of heal wounds {unknown}
Comestibles
 f - a bread ration
 i - 3 chunks of flesh
 k - 4 fruits
 n - a meat ration
 r - a beef jerky


   Skills:
 - Level 3.6 Fighting
 + Level 6.5 Axes
 - Level 3.6 Armour
 - Level 3.6 Shields


You had 4 spell levels left.
You didn't know any spells.

Dungeon Overview and Level Annotations

Branches:
Dungeon (3/15)

Altars:


Innate Abilities, Weirdness & Mutations

You reflexively headbutt those who attack you in melee.
You have a pair of horns on your head.


Message History

The orc is heavily wounded.
The orc hits you but does no damage.
You are poisoned.
You block the orc priest's attack.
You closely miss the orc. You headbutt the orc.
You kill the orc!
You feel sick.
The orc priest miscasts a cantrip.
You feel sick.
The orc priest invokes the aid of Beogh against you.
Beogh smites you!
* * * LOW HITPOINT WARNING * * *
Items here: ))) [[[ †† The orc priest hits you with a trident.
* * * LOW HITPOINT WARNING * * *
* * * LOW HITPOINT WARNING * * *
You feel sick.
The orc priest calls down the wrath of Beogh upon you.
Beogh smites you!
You die...

.# #.# #.# # #.# #.# #.
#.# ##'## ##.# #.#
##...## #...##.#
##.....##
.#.#...#.###.......## #
.......@o##.........####
##.......)'.......).'...
##....####.........####
#.#.# ##.......## # # ##
##.....## ##...## ##+##


You could see an orc priest.

Vanquished Creatures
  An orc wizard (D:3)
  4 gnolls (D:2)
  2 adders
  2 oozes
  2 worms
  3 dart slugs
  3 orcs (D:3)
  2 giant cockroaches
  4 goblins
  6 hobgoblins
  3 ball pythons
  5 bats
  A giant newt (D:2)
  5 kobolds
  9 rats
52 creatures vanquished.

Notes
Turn   | Place    | Note
--------------------------------------------------------------
     0 | D:1      | mrath the Minotaur Fighter began the quest for the Orb.
     0 | D:1      | Reached XP level 1. HP: 19/19 MP: 0/0
    12 | D:1      | Reached skill level 3 in Axes
   232 | D:1      | Reached XP level 2. HP: 26/26 MP: 1/1
   476 | D:1      | Reached skill level 4 in Axes
   783 | D:2      | Reached XP level 3. HP: 28/31 MP: 2/2
  1414 | D:2      | Reached skill level 5 in Axes
  1433 | D:2      | Reached XP level 4. HP: 39/39 MP: 3/3
  2152 | D:3      | Reached skill level 6 in Axes
  2260 | D:3      | Reached XP level 5. HP: 19/45 MP: 4/4
  2269 | D:3      | Killed from afar by an orc priest

Vault maps used:
D:1:      lemuel_arrival_rhombus
D:3:      first_bread, uniq_robin

Skill      XL: |  1  2  3  4 |
---------------+-------------+-----
Axes           | 3 4 5 6 |  6.5
Fighting       | |  3.6
Armour         | |  3.6
Shields        | |  3.6

Action                   |  1- 3 |  4- 6 || total
-------------------------+-------+-------++-------
Melee: War axe           |    70 |    50 ||   120
Throw: Stone             |     4 |       ||     4
  Eat: Chunk             |     2 |     2 ||     4
